[Event "*** SCC Grand Prix: Titled Tuesday Blitz"]
[Site "Chess.com"]
[Date "2020.08.11"]
[Round "2"]
[White "Terao90"]
[Black "Carnivoras"]
[Result "0-1"]
[WhiteElo "2314"]
[BlackElo "2653"]
[TimeControl "180+1"]
[EndTime "10:17:28 PDT"]
[Termination "Carnivoras won by resignation"]

1. e4 e5 2. Nf3 Nc6 3. d4 exd4 4. Nxd4 Bc5 5. Nb3 Bb6 6. Nc3 d6 7. Qe2 Nf6 8. Bg5 O-O 9. O-O-O a5 10. Bxf6 Qxf6 11.
Nd5 Qh6+ 12. Kb1 a4 13. Nxb6 cxb6 14. Nd4 a3 15. b3 Qf6 16. c3 Re8 17. Nb5 d5 18.
Nc7 Rxe4 19. Nxd5 Qe5 20. Qc2 Bf5 21. Bd3 Qxd5 22. Bxe4 Qxe4 23. Qxe4 Bxe4+ 24. Kc1 Bxg2 25. Rhg1 Bh3 26. Rd6 g6 27. Kd2 Be6 28. c4 Ra5 29. Kc3 Rf5 30. Rd2 Rf3+ 31. Kc2 Nb4+ 32. Kd1 Bf5 33.
Kc1 Nd3+ 0-1

[Event "*** SCC Grand Prix: Titled Tuesday Blitz"]
[Site "Chess.com"]
[Date "2020.08.11"]
[Round "2"]
[White "Casablanca"]
[Black "Jadeit90"]
[Result "1-0"]
[WhiteElo "2452"]
[BlackElo "2243"]
[TimeControl "180+1"]
[EndTime "10:17:28 PDT"]
[Termination "Casablanca won by checkmate"]

1. d4 Nf6 2. Bg5 c5 3. Nc3 cxd4 4. Qxd4 Nc6 5. Qh4 e6 6. O-O-O Be7 7. e4 O-O 8. f4 h6 9. Nf3 Qa5 10. e5 hxg5 11. Nxg5 Rd8 12. exf6 Bxf6 13. Bd3 d5 14.
Qh5 Qc7 15. g3 a6 16. Rhe1 b5 17. Qh7+ Kf8 18. Bf1 Bxg5 19. fxg5 Bb7 20. Nxd5 Rxd5 21. Rxd5 Rc8 22. Qh8+ Ke7 23. Qxg7 Nb4 24. Rd2 Nxc2 25. Rxe6+ Kxe6 26. Qf6# 1-0

[Event "*** SCC Grand Prix: Titled Tuesday Blitz"]
[Site "Chess.com"]
[Date "2020.08.11"]
[Round "2"]
[White "jacky72"]
[Black "The_Machine04"]
[Result "0-1"]
[WhiteElo "2623"]
[BlackElo "2252"]
[TimeControl "180+1"]
[EndTime "10:17:29 PDT"]
[Termination "The_Machine04 won by checkmate"]

1. d4 d6 2. c4 e5 3. Nf3 e4 4.
Ng5 f5 5. g3 Be7 6. Nh3 Nf6 7.
Bg2 O-O 8. O-O c6 9. b3 Na6 10. d5 Nc7 11. Nf4 cxd5 12. cxd5 g5 13. Ne6 Bxe6 14.
dxe6 Nxe6 15. Nc3 d5 16. Bb2 a6 17. e3 Nc5 18. Ba3 Nd3 19. Bxe7 Qxe7 20. Ne2 Ng4 21. Nc1 Nge5 22. Nxd3 Nxd3 23. Qh5 g4 24. Rfd1 Rad8 25.
Bf1 Ne5 26. h3 Rd6 27. Be2 Kg7 28. Kg2 Rh6 29. hxg4 Rxh5 30. gxh5 h6 31. Rxd5 Rd8 32. Rad1 Rxd5 33. Rxd5 Qe6 34. Rd4 Nc6 35. Bc4 Nxd4 36. Bxe6 Nxe6 37. g4 Kf6 38. Kg3 Kg5 39. gxf5 Kxf5 40.
f4 Ng7 41. Kh4 Ne6 42. Kg3 Nc7 43. Kg2 Nd5 44. Kf2 Nf6 45. b4 Nxh5 46. a4 Nf6 47.
Kg3 Nd5 48. Kf2 Nxb4 49. a5 Nc6 50. Ke2 Nxa5 51. Kf2 Nc4 52. Kg3 a5 53. Kh4 a4 54.
Kh5 a3 55. Kxh6 a2 56. Kh7 a1=Q 57. Kg8 Qf6 58. Kh7 Qg6+ 59. Kh8 Qg4 60. Kh7 Kf6 61. Kh8 Qg7# 0-1

[Event "*** SCC Grand Prix: Titled Tuesday Blitz"]
[Site "Chess.com"]
[Date "2020.08.11"]
[Round "2"]
[White "Kavyev_Ruslan"]
[Black "tteshan"]
[Result "1-0"]
[WhiteElo "2441"]
[BlackElo "2229"]
[TimeControl "180+1"]
[EndTime "10:17:29 PDT"]
[Termination "Kavyev_Ruslan won by checkmate"]

1. d4 Nf6 2. c4 e6 3. Nc3 c5 4. d5 exd5 5. cxd5 d6 6. Nf3 g6 7. Nd2 Bg7 8. e4 O-O 9. Be2 Re8 10. O-O Na6 11. a4 Nc7 12. f3 b6 13. Kh1 Rb8 14. Nc4 Ba6 15. Bf4 Bxc4 16. Bxc4 Nh5 17. Bd2 Qh4 18. Be1 Qg5 19. Nb5 Nxb5 20. axb5 Rb7 21.
Bc3 Bxc3 22. bxc3 f5 23. exf5 gxf5 24. Qc2 Rbe7 25. Qf2 f4 26. Bd3 Ng3+ 27. Kg1 Nxf1 28. Bxf1 Re3 29. Rxa7 Rxc3 30. Rb7 Rc1 31. Qb2 Ree1 32.
Rb8+ Kf7 33. Rb7+ Kg6 34. Qg7+ Kh5 35. Qxh7+ Qh6 36. Qf5+ Kh4 37. Qg4# 1-0

[Event "*** SCC Grand Prix: Titled Tuesday Blitz"]
[Site "Chess.com"]
[Date "2020.08.11"]
[Round "2"]
[White "RobPeresian"]
[Black "ValeriyGrinev"]
[Result "0-1"]
[WhiteElo "2259"]
[BlackElo "2643"]
[TimeControl "180+1"]
[EndTime "10:17:31 PDT"]
[Termination "ValeriyGrinev won on time"]

1. Nf3 c5 2. c4 Nc6 3. Nc3 e5 4. g3 g6 5. Bg2 Bg7 6. O-O d6 7. Ne1 Be6 8. d3 Nge7 9. Nd5 O-O 10. Nc2 Rb8 11. Rb1 b5 12. b3 f5 13. f4 bxc4 14.
dxc4 e4 15. Nxe7+ Qxe7 16. Bb2 Bxb2 17. Rxb2 Bxc4 18. Ne3 Be6 19. Rd2 Nd4 20. Nc2 Nxc2 21. Qxc2 d5 22. e3 Rfd8 23. Rc1 d4 24. Qxc5 Qxc5 25.
Rxc5 d3 26. Kf2 Rbc8 27. Rxc8 Rxc8 28. g4 Rc1 29. gxf5 gxf5 30. Bf1 Kf7 31. Bh3 Kf6 32.
Bf1 a5 33. Bh3 Ra1 34. Bf1 a4 35. bxa4 Bxa2 36. h4 Be6 37. Bg2 Rxa4 38. Bf1 Ra1 39. Bg2 Rc1 40. Bf1 Ke7 41. Bh3 Kd6 42. h5 h6 43. Kg2 Kc5 44. Kf2 Kc4 45. Bf1 Kc3 0-1

[Event "*** SCC Grand Prix: Titled Tuesday Blitz"]
[Site "Chess.com"]
[Date "2020.08.11"]
[Round "2"]
[White "Meri-Arabidze"]
[Black "Iris77"]
[Result "1-0"]
[WhiteElo "2616"]
[BlackElo "2052"]
[TimeControl "180+1"]
[EndTime "10:17:31 PDT"]
[Termination "Meri-Arabidze won on time"]

1. d4 e6 2. c4 f5 3. Nf3 Nf6 4. Nc3 Be7 5. Bf4 O-O 6. e3 b6 7. h3 Bb7 8. Bd3 Ne4 9. Qc2 Nxc3 10. bxc3 d6 11. O-O Nd7 12. Nd2 Qe8 13. f3 Qh5 14. Bh2 Rf6 15. e4 f4 16. Kh1 Raf8 17. a4 e5 18. a5 Rh6 19. axb6 axb6 20. Ra7 Rb8 21. Rfa1 c5 22. Qa4 Nf6 23. Rxb7 Re8 24. Bf1 Qg6 25. Qc6 Nh5 26. Raa7 Kf8 27. Qxb6 Ng3+ 28. Bxg3 Qxg3 29.
Rxe7 1-0

[Event "*** SCC Grand Prix: Titled Tuesday Blitz"]
[Site "Chess.com"]
[Date "2020.08.11"]
[Round "2"]
[White "Nara_Kh"]
[Black "BocharovD"]
[Result "0-1"]
[WhiteElo "2311"]
[BlackElo "2686"]
[TimeControl "180+1"]
[EndTime "10:17:31 PDT"]
[Termination "BocharovD won on time"]

1. e4 c5 2. Nf3 d6 3. d4 cxd4 4. Nxd4 Nf6 5. Nc3 a6 6. h3 e5 7. Nde2 b5 8. Ng3 Nc6 9. Bg5 Be7 10. Bxf6 Bxf6 11. Nd5 O-O 12. a4 b4 13. Bc4 Bh4 14. Nh5 g6 15. g3 Be7 16. g4 gxh5 17. gxh5 Kh8 18. Qf3 Nd4 19. Qd3 Bg5 20. f4 Bxf4 21.
Nxf4 Qh4+ 22. Kd1 Qxf4 23. Rf1 Qg5 24. c3 bxc3 25. bxc3 Ne6 26. Rf5 Qe7 27. Kc2 Nf4 28. Qf3 Bxf5 29. exf5 Qg5 30. Kb3 Rab8+ 31. Ka3 d5 32.
Bxd5 Nxd5 33. Qxd5 Qe7+ 34. Ka2 Rfd8 35. Qe4 Rd2+ 0-1

[Event "*** SCC Grand Prix: Titled Tuesday Blitz"]
[Site "Chess.com"]
[Date "2020.08.11"]
[Round "2"]
[White "tan275"]
[Black "ShahMatKanal"]
[Result "0-1"]
[WhiteElo "2234"]
[BlackElo "2448"]
[TimeControl "180+1"]
[EndTime "10:17:33 PDT"]
[Termination "ShahMatKanal won by resignation"]

1. d4 d5 2. c4 e6 3. Nf3 Nf6 4. Nc3 Nbd7 5. g3 Be7 6. Bg2 O-O 7. O-O c6 8. Nd2 a6 9. e4 dxe4 10. Ndxe4 Nxe4 11. Nxe4 Nf6 12. Nc3 Qc7 13. Bf4 Bd6 14. Bg5 Be7 15. Re1 h6 16. Be3 Rd8 17. Qc2 Ng4 18.
Bf4 Bd6 19. Bxd6 Qxd6 20. Rad1 Nf6 21. d5 cxd5 22. cxd5 e5 23. Qe2 Bg4 24. f3 Bd7 25. Qxe5 Qb6+ 26. Qd4 Qxb2 27. Rb1 Qa3 28. Rxb7 Rac8 29.
Rb3 Qa5 30. Ne4 Qxe1+ 31. Bf1 Nxe4 32. Qxe4 Qxe4 33. fxe4 Bb5 34. Bg2 Rc1+ 35. Kf2 Rc2+ 36. Kf3 Be2+ 0-1

[Event "*** SCC Grand Prix: Titled Tuesday Blitz"]
[Site "Chess.com"]
[Date "2020.08.11"]
[Round "2"]
[White "SilviusTiberius"]
[Black "BabyFacedAssasin"]
[Result "1-0"]
[WhiteElo "2508"]
[BlackElo "2266"]
[TimeControl "180+1"]
[EndTime "10:17:34 PDT"]
[Termination "SilviusTiberius won by resignation"]

1. e4 e6 2. d4 d5 3. Nc3 Nf6 4. e5 Nfd7 5. Nce2 c5 6. c3 Nc6 7. Nf3 b5 8. Nf4 Qb6 9. Be2 Be7 10. O-O a5 11. h4 b4 12. Re1 Ba6 13. Bxa6 Rxa6 14.
c4 cxd4 15. cxd5 exd5 16. e6 Nf6 17. exf7+ Kxf7 18. Ng5+ Ke8 19. Nfe6 Rg8 20. Nxh7 Nxh7 21.
Qh5+ Kd7 22. Qxh7 Raa8 23. Qf5 Ke8 24. Bf4 Ra7 25. Qxd5 Rd7 26. Nc7+ Rxc7 27. Qxg8+ Kd7 28. Bxc7 Qxc7 29. Qe6+ Kd8 30. Rac1 1-0

[Event "*** SCC Grand Prix: Titled Tuesday Blitz"]
[Site "Chess.com"]
[Date "2020.08.11"]
[Round "2"]
[White "Savva09022009"]
[Black "jamalm2"]
[Result "1-0"]
[WhiteElo "2343"]
[BlackElo "1840"]
[TimeControl "180+1"]
[EndTime "10:17:35 PDT"]
[Termination "Savva09022009 won on time"]

1. e4 c5 2. Nf3 e6 3. d4 cxd4 4. Nxd4 a6 5. Bd3 Qc7 6. O-O Nc6 7. Nxc6 bxc6 8. Nd2 d5 9. c4 Nf6 10. exd5 cxd5 11.
cxd5 Nxd5 12. Nf3 Bd6 13. b3 O-O 14. Bb2 Nf4 15. Be4 Rb8 16. Rc1 Qe7 17. Qd2 Rd8 18. Qe3 Bb7 19. Bxb7 Rxb7 20. Rfd1 Nd5 21. Qd4 Nf6 22.
Qh4 Rbd7 23. g3 1-0

[Event "*** SCC Grand Prix: Titled Tuesday Blitz"]
[Site "Chess.com"]
[Date "2020.08.11"]
[Round "2"]
[White "TregubovP"]
[Black "wonderfultime"]
[Result "0-1"]
[WhiteElo "2593"]
[BlackElo "2973"]
[TimeControl "180+1"]
[EndTime "10:17:36 PDT"]
[Termination "wonderfultime won by resignation"]

1. e4 c5 2. Nf3 Nf6 3. e5 Nd5 4. c3 Nc6 5. d4 cxd4 6. cxd4 d6 7. Bc4 dxe5 8. Bxd5 Qxd5 9. Nc3 Qd6 10. d5 Nd4 11. Nxd4 exd4 12. Qxd4 e5 13. Qd3 Be7 14. O-O O-O 15. Nb5 Qa6 16. Qb3 Qg6 17. Be3 Bh3 18. g3 Bxf1 19. Rxf1 a6 20. Nc3 b5 21. Rd1 Rfd8 22. a4 b4 23. Ne2 Rac8 24. Rd2 h5 25. a5 h4 26. Bb6 Rd7 27. Qa4 Rd6 28. Qd1 h3 29. Qf1 Rc2 30. Rxc2 Qxc2 31. f4 Rxd5 0-1

[Event "*** SCC Grand Prix: Titled Tuesday Blitz"]
[Site "Chess.com"]
[Date "2020.08.11"]
[Round "2"]
[White "lilleper1"]
[Black "DariaVoit"]
[Result "1-0"]
[WhiteElo "2759"]
[BlackElo "2504"]
[TimeControl "180+1"]
[EndTime "10:17:36 PDT"]
[Termination "lilleper1 won by checkmate"]

1. e4 e6 2. d4 d5 3. Nd2 Nf6 4. e5 Nfd7 5. Bd3 c5 6. c3 Nc6 7. Ne2 cxd4 8. cxd4 f6 9. Nf4 Nxd4 10. Qh5+ Ke7 11. Ng6+ hxg6 12. exf6+ Nxf6 13. Qxh8 Kf7 14. O-O e5 15. Nb3 Nxb3 16. axb3 Bf5 17. Bxf5 gxf5 18.
Bg5 g6 19. Qh3 Bg7 20. Rfc1 a6 21. b4 Qd7 22. b5 Ne4 23. Be3 Qxb5 24. Rc7+ Kg8 25.
Bh6 Bf6 26. Bf4 Bg7 27. Bxe5 Ng5 28. Rxg7+ Kf8 29. Qh8# 1-0

[Event "*** SCC Grand Prix: Titled Tuesday Blitz"]
[Site "Chess.com"]
[Date "2020.08.11"]
[Round "2"]
[White "Fischerev7"]
[Black "TimKett"]
[Result "1/2-1/2"]
[WhiteElo "2414"]
[BlackElo "2207"]
[TimeControl "180+1"]
[EndTime "10:17:36 PDT"]
[Termination "Game drawn by repetition"]

1. e4 e5 2. Bc4 Nf6 3. d3 Nc6 4. Nc3 Bb4 5. Ne2 Na5 6. Bb3 Nxb3 7. axb3 d5 8. exd5 Nxd5 9. O-O O-O 10. Bd2 Bc5 11. Kh1 Bg4 12. f3 Bh5 13. Nxd5 Qxd5 14. Nc3 Qd7 15. Qe1 Rae8 16. Ne4 Bb6 17. Qg3 f5 18.
Nc3 Bg6 19. Rae1 e4 20. fxe4 fxe4 21. Rxf8+ Rxf8 22. Rd1 exd3 23. Be3 Bxe3 24. Qxe3 Qf5 25. cxd3 Qf1+ 26. Qg1 Bxd3 27. h3 Qxg1+ 28. Kxg1 Bc2 29.
Rd7 Rf7 30. Rd8+ Rf8 31. Rd7 Rf7 32. Rd8+ Rf8 33. Rd7 1/2-1/2

[Event "*** SCC Grand Prix: Titled Tuesday Blitz"]
[Site "Chess.com"]
[Date "2020.08.11"]
[Round "2"]
[White "VerdeNotte"]
[Black "Vesper2018"]
[Result "1-0"]
[WhiteElo "2881"]
[BlackElo "2574"]
[TimeControl "180+1"]
[EndTime "10:17:39 PDT"]
[Termination "VerdeNotte won by resignation"]

1. e4 c5 2. Nc3 d6 3. d4 cxd4 4.
Qxd4 Nc6 5. Qd2 g6 6. b3 Bh6 7. f4 f5 8. Bb2 Nf6 9. O-O-O O-O 10. Bc4+ Kh8 11. Nh3 Na5 12. e5 Nxc4 13. bxc4 Ne8 14. exd6 Nxd6 15. Nb5+ Kg8 16. Qc3 Kf7 17.
Qe5 Be6 18. Rhe1 Qd7 19. Nxd6+ 1-0

[Event "*** SCC Grand Prix: Titled Tuesday Blitz"]
[Site "Chess.com"]
[Date "2020.08.11"]
[Round "2"]
[White "Crazy_girl99"]
[Black "Twitch_ElhamBlitz05"]
[Result "0-1"]
[WhiteElo "2504"]
[BlackElo "2759"]
[TimeControl "180+1"]
[EndTime "10:17:40 PDT"]
[Termination "Twitch_ElhamBlitz05 won on time"]

1. e4 c6 2. d4 d5 3. e5 c5 4. dxc5 e6 5. Be3 Nd7 6. b4 Nxe5 7. Bb5+ Bd7 8. Bxd7+ Qxd7 9. Ne2 a5 10. c3 Nc4 11. Bg5 axb4 12. cxb4 b6 13. O-O bxc5 14. bxc5 Bxc5 15. Nbc3 Ne7 16. Nf4 O-O 17. Nh5 f6 18. Ne4 fxg5 19. Nxc5 Qc6 20. Nd3 e5 21. Re1 e4 22.
Nb4 Qc5 23. Rb1 Qxf2+ 24. Kh1 Ne3 25. Qe2 Nxg2 26. Qxf2 Rxf2 27. Red1 Nf4 28. Nxf4 gxf4 29. Nxd5 Nxd5 30. Rxd5 e3 31. Re5 Raxa2 0-1

[Event "*** SCC Grand Prix: Titled Tuesday Blitz"]
[Site "Chess.com"]
[Date "2020.08.11"]
[Round "2"]
[White "ethylalcohol"]
[Black "killer311"]
[Result "0-1"]
[WhiteElo "2207"]
[BlackElo "2431"]
[TimeControl "180+1"]
[EndTime "10:17:41 PDT"]
[Termination "killer311 won on time"]

1. d4 d5 2. Bf4 Nf6 3. Nf3 c5 4. e3 e6 5. c3 Nc6 6. Nbd2 cxd4 7. exd4 Nh5 8. Bg5 f6 9. Bh4 Bd6 10. Ne5 g6 11. Nxc6 bxc6 12. Qf3 O-O 13. Bd3 Nf4 14.
Bc2 Ba6 15. Bg3 Be2 16. Bxf4 Bxf3 17. Bxd6 Qxd6 18. Nxf3 e5 19. dxe5 fxe5 20. O-O-O e4 21.
Nd4 Rxf2 22. Kb1 Rb8 23. Bb3 Kh8 24. h3 a5 25. Rhf1 Rxf1 26. Rxf1 c5 27. Ne2 Qe5 28.
Rf7 Rd8 29. h4 d4 30. cxd4 cxd4 31. h5 gxh5 32. Nf4 d3 33. Ne6 Rc8 0-1

[Event "*** SCC Grand Prix: Titled Tuesday Blitz"]
[Site "Chess.com"]
[Date "2020.08.11"]
[Round "2"]
[White "QuintilianoR"]
[Black "mfwagnerpeixoto"]
[Result "1/2-1/2"]
[WhiteElo "2636"]
[BlackElo "2274"]
[TimeControl "180+1"]
[EndTime "10:17:43 PDT"]
[Termination "Game drawn by repetition"]

1. e4 c5 2. Nf3 a6 3. c3 g6 4. d4 cxd4 5. cxd4 Nf6 6. e5 Nh5 7. Nc3 d5 8. Qb3 Nc6 9. Be2 Ng7 10. Qxd5 Be6 11. Qxd8+ Rxd8 12. Be3 Nf5 13. Rd1 Nb4 14. O-O Nxa2 15. Ne4 Nb4 16. Nfg5 Nd5 17. Nxe6 fxe6 18. Bc1 Nb4 19. Be3 Nd5 20. Bc1 Nb4 21. Be3 Nd5 1/2-1/2

[Event "*** SCC Grand Prix: Titled Tuesday Blitz"]
[Site "Chess.com"]
[Date "2020.08.11"]
[Round "2"]
[White "shnitez"]
[Black "econpower"]
[Result "0-1"]
[WhiteElo "2476"]
[BlackElo "2718"]
[TimeControl "180+1"]
[EndTime "10:17:45 PDT"]
[Termination "econpower won by resignation"]

1. c4 g6 2. Nc3 Bg7 3. d4 d6 4. e4 Nd7 5. Nf3 e5 6. Be2 Ne7 7. O-O O-O 8. Be3 c5 9. dxc5 dxc5 10. Qd6 Qb6 11. Qxb6 axb6 12. Rfd1 Nc6 13. Nd5 f6 14. Nd2 f5 15. f3 Bf6 16. Bd3 Bd8 17. Nb1 Nd4 18. Nbc3 Nb8 19. Bxd4 exd4 20. Nb5 Nc6 21. Re1 Ne5 22. Rad1 f4 23. a3 g5 24. b4 h5 25. h3 g4 26. hxg4 hxg4 27.
Be2 Kg7 28. bxc5 bxc5 29. Rf1 g3 30. Rb1 Ra6 31. Rfc1 Rh6 32. Kf1 0-1

[Event "*** SCC Grand Prix: Titled Tuesday Blitz"]
[Site "Chess.com"]
[Date "2020.08.11"]
[Round "2"]
[White "MNyuyu"]
[Black "Evachess2006"]
[Result "1-0"]
[WhiteElo "2333"]
[BlackElo "1639"]
[TimeControl "180+1"]
[EndTime "10:17:45 PDT"]
[Termination "MNyuyu won by resignation"]

1. d4 d5 2. Nf3 Nf6 3. Bf4 Bf5 4. e3 e6 5. c4 Bb4+ 6. Nc3 O-O 7. a3 Bxc3+ 8. bxc3 b6 9. Nh4 Bg4 10. f3 Bh5 11.
Bd3 Ne4 12. Bxe4 dxe4 13. g4 Qxh4+ 14. Bg3 Qh3 15. gxh5 Qxh5 16. fxe4 Qxd1+ 17. Rxd1 c6 18. O-O Nd7 19. a4 c5 20. Bd6 Rfc8 21. d5 e5 22. Rf5 f6 23. a5 g6 24. Rf2 Kf7 25. Ra1 a6 26. Rb2 bxa5 27. Rb7 Ke8 28. Rxa5 f5 29.
exf5 gxf5 30. Kf2 Kd8 31. Kf3 e4+ 32. Kf4 1-0

[Event "*** SCC Grand Prix: Titled Tuesday Blitz"]
[Site "Chess.com"]
[Date "2020.08.11"]
[Round "2"]
[White "HonzaVykouk"]
[Black "Guenplen"]
[Result "0-1"]
[WhiteElo "2579"]
[BlackElo "2886"]
[TimeControl "180+1"]
[EndTime "10:17:46 PDT"]
[Termination "Guenplen won by resignation"]

1. e4 c5 2. Nf3 e6 3. d4 cxd4 4.
Nxd4 Nf6 5. Nc3 Nc6 6. Nxc6 bxc6 7. Bd3 d5 8. O-O Be7 9. Qe2 O-O 10. f4 a5 11. Kh1 a4 12. Rf3 g6 13. e5 Nd7 14.
Bd2 Nc5 15. Rh3 Qb6 16. Rb1 Nxd3 17. cxd3 Ba6 18. Qg4 Qf2 19. Rd1 h5 20. Qf3 Qxf3 21.
Rxf3 Rfb8 22. Bc1 c5 23. g3 Bb7 24. Kg1 d4 25. Ne4 Bxe4 26. dxe4 c4 27. a3 d3 28. h3 Rb3 29. Kg2 Rab8 30. g4 Rxb2+ 31. Bxb2 Rxb2+ 32. Rf2 Bxa3 33. f5 Rxf2+ 34. Kxf2 c3 35. Rxd3 c2 36. Rd8+ Kh7 37. Rc8 c1=Q 38. Rxc1 Bxc1 0-1

[Event "*** SCC Grand Prix: Titled Tuesday Blitz"]
[Site "Chess.com"]
[Date "2020.08.11"]
[Round "2"]
[White "Ladislav1969"]
[Black "sertalzin"]
[Result "1-0"]
[WhiteElo "2342"]
[BlackElo "1832"]
[TimeControl "180+1"]
[EndTime "10:17:46 PDT"]
[Termination "Ladislav1969 won on time"]

1. e4 c6 2. d4 d5 3. e5 c5 4.
dxc5 e6 5. Be3 Nd7 6. Nf3 Bxc5 7. Bxc5 Nxc5 8. Nbd2 Ne7 9. Nb3 Nxb3 10. axb3 O-O 11.
Bd3 h6 12. O-O a5 13. c3 b6 14. Qe2 Bd7 15. Bc2 f5 16. exf6 Rxf6 17. Ne5 Nc6 18.
f4 Nxe5 19. fxe5 Rxf1+ 20. Rxf1 Qe7 21. Qd3 g5 22. Rf6 Rb8 23. Rg6+ Kf8 24. Qf3+ Ke8 25. Rg8+ 1-0

[Event "*** SCC Grand Prix: Titled Tuesday Blitz"]
[Site "Chess.com"]
[Date "2020.08.11"]
[Round "2"]
[White "WIDBIFS"]
[Black "zmeeed67"]
[Result "1-0"]
[WhiteElo "2725"]
[BlackElo "2486"]
[TimeControl "180+1"]
[EndTime "10:17:47 PDT"]
[Termination "WIDBIFS won by resignation"]

1. d4 d5 2. Nf3 Nf6 3. Bf4 c5 4. e3 Nc6 5. Nbd2 Bg4 6. c3 e6 7.
Qa4 Bxf3 8. Nxf3 Nd7 9. Bb5 Qb6 10. Ne5 Ndxe5 11. Bxe5 a6 12. Bxc6+ bxc6 13. O-O Qb5 14. Qc2 f6 15. Bg3 Be7 16. b3 O-O 17. c4 Qb6 18. dxc5 Bxc5 19. Rac1 Rac8 20. Rfd1 Rfd8 21. h3 Ba3 22.
Rb1 e5 23. Rd3 d4 24. b4 Bxb4 25. a3 dxe3 26. Rxe3 c5 27. axb4 cxb4 28. Rd3 a5 29. Rxd8+ Qxd8 30. Rd1 Qc7 31. Kh2 Qxc4 32. Rd8+ Kf7 33.
Rxc8 1-0

[Event "*** SCC Grand Prix: Titled Tuesday Blitz"]
[Site "Chess.com"]
[Date "2020.08.11"]
[Round "2"]
[White "Srchesschilango"]
[Black "MokshAD1603"]
[Result "0-1"]
[WhiteElo "2224"]
[BlackElo "2443"]
[TimeControl "180+1"]
[EndTime "10:17:48 PDT"]
[Termination "MokshAD1603 won by checkmate"]

1. d4 Nf6 2. c4 g6 3. Nc3 d5 4.
cxd5 Nxd5 5. e4 Nxc3 6. bxc3 Bg7 7. Bb5+ c6 8. Bc4 c5 9. Ne2 Nc6 10. Be3 O-O 11. O-O b6 12. Rc1 Bb7 13. d5 Ne5 14.
Bb3 c4 15. Bc2 e6 16. dxe6 fxe6 17. Nd4 Qh4 18. h3 Bxe4 19. Nxe6 Nf3+ 20. Kh1 Bc6 21. Nxf8 Rxf8 22. Qd6 Ne5 23. Kg1 Bd7 24. f4 Qg3 25. Bf2 Nf3+ 26. Kh1 Qh2# 0-1

[Event "*** SCC Grand Prix: Titled Tuesday Blitz"]
[Site "Chess.com"]
[Date "2020.08.11"]
[Round "2"]
[White "Sn00pPawn"]
[Black "mjray79"]
[Result "0-1"]
[WhiteElo "2001"]
[BlackElo "2359"]
[TimeControl "180+1"]
[EndTime "10:17:48 PDT"]
[Termination "mjray79 won by resignation"]

1. e4 e5 2. Nf3 Nc6 3. Bb5 a6 4. Ba4 Nf6 5. O-O Be7 6. Re1 b5 7. Bb3 O-O 8. h3 d6 9. c3 Nb8 10. d4 Nbd7 11. a4 Bb7 12. Nbd2 c5 13. d5 c4 14. Bc2 Qc7 15. Nf1 Rfe8 16. Ng3 Bf8 17. Nf5 Nc5 18. Bg5 Nfd7 19. Nd2 Nb6 20. a5 Nba4 21. Nxc4 Nxc3 22. bxc3 bxc4 23. Qg4 Bc8 24. Qg3 Bxf5 25. exf5 e4 26. f3 exf3 27. gxf3 Nd3 28. Rxe8 Rxe8 29. f6 Qc5+ 30. Kg2 Re2+ 0-1

[Event "*** SCC Grand Prix: Titled Tuesday Blitz"]
[Site "Chess.com"]
[Date "2020.08.11"]
[Round "2"]
[White "vova-79"]
[Black "bgfbfbgfbgfgf"]
[Result "0-1"]
[WhiteElo "2452"]
[BlackElo "2679"]
[TimeControl "180+1"]
[EndTime "10:17:49 PDT"]
[Termination "bgfbfbgfbgfgf won by resignation"]

1. d4 Nf6 2. c4 c5 3. Nf3 g6 4.
Nc3 Bg7 5. g3 O-O 6. Bg2 d6 7.
O-O Nc6 8. dxc5 dxc5 9. Be3 Qa5 10. Qa4 Qxa4 11. Nxa4 b6 12. Rfd1 Bb7 13. Nc3 Rfd8 14. h3 Nb4 15. Rac1 Ne4 16. Nxe4 Bxe4 17. a3 Nc2 18. Ng5 Bxg2 19. Rxd8+ Rxd8 20. Rxc2 Bc6 21. Nf3 Ba4 22. Rd2 Rxd2 23. Nxd2 Bxb2 24. Bf4 Bxa3 25. Bb8 Bb4 26. Nf3 a5 27. Ba7 Bb3 28. Ne5 a4 29.
Bxb6 a3 0-1

[Event "*** SCC Grand Prix: Titled Tuesday Blitz"]
[Site "Chess.com"]
[Date "2020.08.11"]
[Round "2"]
[White "Tekushka"]
[Black "Izoria123"]
[Result "0-1"]
[WhiteElo "2326"]
[BlackElo "2865"]
[TimeControl "180+1"]
[EndTime "10:17:49 PDT"]
[Termination "Izoria123 won by checkmate"]

1. e4 c5 2. Nf3 a6 3. c3 e6 4. d4 d5 5. e5 Bd7 6. Be2 cxd4 7.
cxd4 Bb5 8. Bxb5+ axb5 9. Nc3 b4 10. Ne2 Nc6 11. O-O Nge7 12. Ng3 h6 13. h4 Ng6 14.
h5 Nh4 15. Be3 Nxf3+ 16. Qxf3 Qh4 17. Rfd1 Be7 18. Ne2 Bg5 19. g3 Qh3 20. Nf4 Bxf4 21. Bxf4 O-O 22. Qe2 Qf5 23. Be3 f6 24. exf6 Rxf6 25.
Kg2 Raf8 26. Rd3 Qe4+ 27. Kg1 Rf3 28. Re1 R8f5 29. Rdd1 Rxh5 30. Bf4 Rxg3+ 31. fxg3 Rh1+ 32.
Kf2 Rh2+ 33. Kg1 Qh1# 0-1

[Event "*** SCC Grand Prix: Titled Tuesday Blitz"]
[Site "Chess.com"]
[Date "2020.08.11"]
[Round "2"]
[White "chigorin28"]
[Black "BabyBoss31"]
[Result "0-1"]
[WhiteElo "2412"]
[BlackElo "2221"]
[TimeControl "180+1"]
[EndTime "10:17:50 PDT"]
[Termination "BabyBoss31 won on time"]

1. e4 e6 2. d4 d5 3. Bd3 Nf6 4. e5 Nfd7 5. f4 c5 6. c3 Nc6 7. Nf3 Qb6 8. Bc2 cxd4 9. Nxd4 Bc5 10. Nb3 Be3 11. Qf3 Bxc1 12. Nxc1 Qxb2 13. Kd2 Qxa1 14. Qg3 g6 15. f5 Ndxe5 16. f6 Nc4+ 17. Kd1 Qb2 18.
Nd2 Nxd2 19. Qd6 Nc4 20. Qf4 Qxc3 21. Nb3 Qe3 22. Qh6 Qxh6 0-1

[Event "*** SCC Grand Prix: Titled Tuesday Blitz"]
[Site "Chess.com"]
[Date "2020.08.11"]
[Round "2"]
[White "Isajevsky_Anton"]
[Black "semchik73"]
[Result "1-0"]
[WhiteElo "2594"]
[BlackElo "2289"]
[TimeControl "180+1"]
[EndTime "10:17:52 PDT"]
[Termination "Isajevsky_Anton won by resignation"]

1. c3 d5 2. g3 Nf6 3. Bg2 Bf5 4. d3 c6 5. Nd2 e6 6. e4 dxe4 7. dxe4 Bg6 8. Qe2 Nbd7 9. Ngf3 Nc5 10. Ne5 Be7 11.
O-O Qc7 12. Nxg6 hxg6 13. e5 Nd5 14. Nf3 Nd7 15. c4 N5b6 16. b3 Nc5 17. h4 a5 18.
Bf4 O-O-O 19. Rfd1 Rxd1+ 20. Rxd1 Rd8 21. Nd4 Qd7 22.
Bf3 f6 23. Kg2 g5 24. exf6 gxf6 25. Nxc6 Qxd1 26. Nxe7+ Kd7 27. Qxd1+ Kxe7 28. Bd2 gxh4 29. Qc2 Nd3 30. Be2 Ne5 31. Qh7+ Kd6 32. Qxb7 Nbd7 33.
Bxa5 h3+ 34. Kh2 Rc8 35. Bb4+ Nc5 36. Qb6+ Rc6 37. Bxc5+ 1-0

[Event "*** SCC Grand Prix: Titled Tuesday Blitz"]
[Site "Chess.com"]
[Date "2020.08.11"]
[Round "2"]
[White "Evgeny81"]
[Black "FMJoseHerrera"]
[Result "0-1"]
[WhiteElo "2722"]
[BlackElo "2508"]
[TimeControl "180+1"]
[EndTime "10:17:53 PDT"]
[Termination "FMJoseHerrera won by resignation"]

1. e4 c5 2. d4 cxd4 3. c3 g6 4.
cxd4 Bg7 5. Nf3 d6 6. Be2 Nf6 7. Nc3 O-O 8. h3 a6 9. O-O b5 10. a3 Bb7 11. Bd3 Nbd7 12. Bg5 Qb6 13. Qe2 e6 14. Rac1 Rac8 15. Be3 Qd8 16. Qd2 Re8 17. Bh6 Bh8 18. Rfd1 Qb6 19. Qf4 Nh5 20. Qh4 b4 21. axb4 Qxb4 22. Rc2 Bf6 23. Bg5 Bg7 24. g4 Nhf6 25.
Be3 e5 26. dxe5 dxe5 27. Rcd2 Nc5 28. Bg5 Nfxe4 29. Bxe4 Nxe4 30. Nd5 Nxd2 31. Bxd2 Qb3 32. Ng5 Qxd1+ 33. Kh2 h6 0-1